cohdb
Replays
Latest Replays
All Replays
Popular Replays
Top Player Replays
Match Explorer
How It Works
Community
CoH3 Stats
Reddit
Sign in to upload your games and track your stats! →
Sign in with Steam
Match 44315151
Unlisted
Match 44315151
Overview
Messages
Build Orders
End
Construct Infanterie Kompanie
MG 42 Machine Gun Team
Grenadier Squad
Grenadier Squad
Medical Bunker
Construct Luftwaffe Kompanie
Jäger Squad
Flak 30 Anti-aircraft Gun Team
Support Elements
Jäger Squad
Marder III M Tank Destroyer
DOK1JElly
墙壁内塔尼夜壶
Arturokq
6ec95vjq
0
0
Comments
sign in to comment!
No comments posted yet!